 Dungeon Crawl Stone Soup version 0.23-a0-141-g456867d (webtiles) character file.

14 Amnesiac the Magician (level 2, -1/19 HPs)
             Began as a Mummy Wanderer on Aug 31, 2018.
             Slain by an orc
             ... wielding a +0 dagger
              (4 damage)
             ... on level 4 of the Dungeon.
             The game lasted 00:02:38 (810 turns).

Amnesiac the Magician (Mummy Wanderer)               Turns: 810, Time: 00:02:39

Health: -1/19      AC:  2    Str: 13    XL:     2   Next: 27%
Magic:  0/8        EV: 11    Int: 13    God:
Gold:   42         SH:  0    Dex: 11    Spells: 10/12 levels left

rFire    x . .     SeeInvis .   e - +0 club
rCold    + . .     Gourm    .   (no shield)
rNeg     + + +     Faith    .   d - +0 robe
rPois    ∞         Spirit   .   (no helmet)
rElec    .         Reflect  .   (no cloak)
rCorr    .         Harm     .   (no gloves)
MR       .....                  (no boots)
Stlth    +.........             (no amulet)
HPRegen  0.06/turn              (no ring)
MPRegen  0.11/turn              (no ring)

@: no status effects
A: no food or potions, fire vulnerability, cold resistance 1, negative energy
resistance 3, torment resistance, unbreathing
a: no special abilities


You were on level 4 of the Dungeon.
You were not hungry.

You visited 1 branch of the dungeon, and saw 4 of its levels.

You collected 64 gold pieces.
You spent 22 gold pieces at shops.

Inventory:

Hand Weapons
 e - a +0 club (weapon)
Missiles
 b - 18 stones (quivered)
Armour
 d - a +0 robe (worn)
Scrolls
 a - a scroll of enchant weapon {!r, unknown}
 c - 2 scrolls of teleportation {!r}
 f - a scroll of remove curse {!r, unknown}
 g - a scroll of identify {!r, unknown}


   Skills:
   Level 1.0 Shields
 - Level 5.5 Spellcasting
 + Level 1.1 Conjurations
   Level 1.0 Hexes
   Level 1.5 Transmutations
 - Level 1.0 Earth Magic
   Level 1.0 Evocations


You had 10 spell levels left.
You knew the following spells:

 Your Spells              Type           Power        Failure   Level  Hunger
a - Magic Dart            Conj           #...         11%         1    N/A
d - Sandblast             Erth           #.....       12%         1    N/A

Your spell library contained the following spells:

 Spells                   Type           Power        Failure   Level  Hunger
 Slow                     Hex            #.......     19%         2    N/A
 Blink                    Tloc           N/A          26%         2    N/A
 Call Imp                 Summ           #.......     26%         2    N/A
 Stone Arrow              Conj/Erth      #.....       34%         3    N/A
 Conjure Flame            Conj/Fire      #.......     38%         3    N/A
 Mephitic Cloud           Conj/Pois/Air  #.......     41%         3    N/A

Dungeon Overview and Level Annotations

Branches:
Dungeon (4/15)
 Temple: D:4-7

Altars:

Shops:
D:4 *


Innate Abilities, Weirdness & Mutations

You do not eat or drink.
Your flesh is vulnerable to fire.
You are immune to poison.
Your flesh is cold resistant. (rC+)
You are immune to negative energy. (rN+++)
You are immune to unholy pain and torment.
You can survive without breathing.


Message History

The orc is moderately wounded.
The orc closely misses you.
Casting: Magic Dart (safe; 12% risk of failure)
Confirm with . or Enter, or press ? or * to list all spells.
You don't have enough magic to cast that spell.
You hit the orc but do no damage.
The orc is lightly wounded.
You hit the orc.
The orc is heavily wounded.
The orc barely misses you. x2
Casting: Magic Dart (safe; 12% risk of failure)
Confirm with . or Enter, or press ? or * to list all spells.
You don't have enough magic to cast that spell.
You hit the orc.
The orc is almost dead.
The orc hits you with a dagger. The orc closely misses you.
The orc hits you with a dagger.
* * * LOW HITPOINT WARNING * * *
You barely miss the orc.
The orc is almost dead.
The orc closely misses you. x2
The orc hits you with an enchanted dagger.
* * * LOW HITPOINT WARNING * * *
Press: ? - help, v - describe, . - travel
Here: an orc, wielding an enchanted dagger (almost dead)
The floor.
The orc hits you with a dagger.
* * * LOW HITPOINT WARNING * * *
The orc hits you with a dagger.
* * * LOW HITPOINT WARNING * * *
Casting: Magic Dart (safe; 12% risk of failure)
Confirm with . or Enter, or press ? or * to list all spells.
Aiming: Magic Dart (safe; 12% risk of failure)
Press: ? - help, Shift-Dir - straight line, f - orc, p - orc
Aim: an orc, wielding an enchanted dagger (almost dead)
You miscast Magic Dart.
You are very lightly contaminated with residual magic.
Strange energies run through your body. The orc barely misses you.
The orc closely misses you.
Found an escape hatch in the ceiling.
Casting: Magic Dart (safe; 12% risk of failure)
Confirm with . or Enter, or press ? or * to list all spells.
You don't know that spell.
Unknown command.
Casting: Magic Dart (safe; 12% risk of failure)
Confirm with . or Enter, or press ? or * to list all spells.
Aiming: Magic Dart (safe; 12% risk of failure)
Press: ? - help, Shift-Dir - straight line, f/p - orc
Aim: an orc, wielding an enchanted dagger (almost dead)
The magic dart hits the orc.
You kill the orc!
The orc misses you.
Found 7 gold pieces.
Your magical contamination has completely faded away.
Casting: Magic Dart (safe; 11% risk of failure)
Confirm with . or Enter, or press ? or * to list all spells.
Aiming: Sandblast (safe; 12% risk of failure)
Press: ? - help, Shift-Dir - straight line, f - orc
Aim: an orc, wielding a dagger and wearing a chain mail The blast of sand misses the orc.
b - 18 stones The orc completely misses you.
The orc hits you with a dagger.
You die...

## ## ##.#
#.##.# #.@o#
#. ##.##
###...
#.####......
##$........#
#........##
##.......##
##......###
##.......#
##........##


You could see an orc.

Vanquished Creatures
  A dart slug (D:1)
  2 orcs (D:4)
  A giant cockroach (D:4)
  A jackal (D:1)
  2 kobolds
  A bat (D:1)
  A frilled lizard (D:1)
  A rat (D:1)
10 creatures vanquished.

Notes
Turn   | Place    | Note
-------+----------+-------------------------------------------
     0 | D:1      | Amnesiac the Mummy Wanderer began the quest for the Orb.
     0 | D:1      | Amnesiac set off with: a scroll of teleportation {!r}, a +0
                  | robe, a +0 club
     0 | D:1      | Reached XP level 1. HP: 13/13 MP: 6/6
    33 | D:1      | Learned a level 1 spell: Sandblast
   121 | D:1      | Noticed a big kobold
   121 | D:1      | Noticed a big kobold
   121 | D:1      | Noticed a big kobold
   130 | D:1      | Noticed a big kobold
   326 | D:1      | Learned a level 1 spell: Magic Dart
   599 | D:2      | Reached XP level 2. HP: 13/19 MP: 6/8
   699 | D:4      | Found Reoluver's Assorted Antiques.
   708 | D:4      | Bought a scroll labeled OSTRUT SYBATHRAG for 22 gold pieces
   749 | D:4      | Reached skill level 1 in Conjurations
   810 | D:4      | Slain by an orc

Vault maps used:
D:1:      erik_arrival_cave_to_civilisation, feat_on_display
D:2:      elyvilon_altar_4
D:3:      first_ration
D:4:      chequers_ossuary_entry_cave, serial_shops, nicolae_shop_statue_plus,
          uniq_blork_the_orc

Skill      XL: |  1  2 |
---------------+-------+-----
Conjurations   | 1 |  1.1
Shields        | |  1.0
Spellcasting   | |  5.5
Hexes          | |  1.0
Transmutations | |  1.5
Earth Magic    | |  1.0
Evocations     | |  1.0

Action                   || total
-------------------------++-------
Melee: Club              ||    41
 Cast: Magic Dart        ||    21
       Sandblast         ||     1
  Use: Scroll            ||     1
Armor: Robe              ||    12
Dodge: Dodged            ||    52

Table legend:
 A = Non-vault XP
 B = Vault XP
 C = Vault XP percentage of total XP
 D = Non-vault monster count
 E = Vault monster count
 F = Vault count percentage of total count
                 A         B        C        D         E       F
            +---------+---------+-------+---------+---------+-------
      Total |      17 |       3 |  15.0 |       8 |       2 |  20.0
            +---------+---------+-------+---------+---------+-------
        D:1 |       8 |       3 |  27.3 |       4 |       2 |  33.3
        D:2 |       1 |       0 |   0.0 |       1 |       0 |   0.0
        D:4 |       8 |       0 |   0.0 |       3 |       0 |   0.0
            +---------+---------+-------+---------+---------+-------
